 Dungeon Crawl Stone Soup version 0.27-a0-1334-g2746e35aca (webtiles) character file.

Game seed: 6718996546797450097

492083 dickylongcocking the Slayer (level 25, -4/195 (211) HPs)
             Began as a Djinni Venom Mage on June 27, 2021.
             Was the Champion of Makhleb.
             Killed by mirror damage (63 damage)
             ... on level 1 of the Crypt.
             The game lasted 01:37:20 (56601 turns).

dickylongcocking the Slayer (Djinni Venom Mage)    Turns: 56601, Time: 01:37:20

HP:   -4/195 (211)  AC: 15    Str:  7    XL:     25   Next: 99%
Gold: 4079          EV: 15    Int: 33    God:    Makhleb [******] SH:  7 Dex: 16

rFire    + + +     SeeInvis .   W - staff of conjuration
rCold    + . .     Faith    .   R - +2 buckler {rC+}
rNeg     . . .     Spirit   .   e - +3 ring mail "Poive" {rElec rCorr Stlth+}
rPois    ∞         Reflect  .   (no helmet)
rElec    +         Harm     +   K - scarf {rC+ rF+}
rCorr    +         Rampage  .   n - +1 pair of gloves of Youthful Indiscretion {Harm rElec}
Will     ++...                  (boots unavailable)
Stlth    ++........             f - amulet of regeneration
HPRegen  1.42/turn              s - +4 ring of protection
MPRegen  0.00/turn              U - +6 ring of intelligence

@: flying, drained
A: sickness immunity, fire resistance 2, cold vulnerability 1, float, innate
caster, hp casting, extra vitality 1
}: 3/15 runes: decaying, slimy, gossamer
a: Renounce Religion, Minor Destruction, Lesser Servant of Makhleb, Major
Destruction, Greater Servant of Makhleb


You were on level 1 of the Crypt.
You worshipped Makhleb.
Makhleb was exalted by your worship.
You visited 10 branches of the dungeon, and saw 45 of its levels.
You also visited: Ice Cave.

You collected 7115 gold pieces.
You spent 3036 gold pieces at shops.

Inventory:

Missiles
 H - 4 atropa-tipped darts
Armour
 e - the +3 ring mail "Poive" (worn) {rElec rCorr Stlth+}
   (You found it on level 3 of the Elven Halls)

   It insulates you from electricity.
   It protects you from acid and corrosion.
   It makes you more stealthy.
 n - the +1 pair of gloves of Youthful Indiscretion (worn) {Harm rElec}
   (You found it on level 9 of the Dungeon)

   It insulates you from electricity.
   It increases damage dealt and taken.
 I - a +2 leather armour of willpower
 K - a scarf of resistance (worn)
 L - the +3 crown of Dyrovepreva {rElec Int+2 SInv}
   (You found it on level 3 of the Elven Halls)

   It affects your intelligence (+2).
   It insulates you from electricity.
   It lets you see invisible.
 R - a +2 buckler of cold resistance (worn)
 V - the +5 hat of Xaokij {rN++}
   (You acquired it on level 1 of the Vaults)

   It greatly protects you from negative energy.
Magical Staves
 G - a staff of earth
 W - a staff of conjuration (weapon)
Jewellery
 f - an amulet of regeneration (around neck)
 s - a +4 ring of protection (left hand)
 y - the ring of Wiefev {+Blink rCorr Str-2 Dex+3}
   (You found it on level 3 of the Spider Nest)

   [ring of resist corrosion]

   It affects your strength (-2).
   It affects your dexterity (+3).
   It lets you blink.
   It protects you from acid and corrosion.
 C - an amulet of the acrobat
 D - the ring "Fashraqi" {Ice Str+2 Dex+4}
   (You found it in an ice cave)

   [ring of ice]

   It enhances your ice magic.
   It affects your strength (+2).
   It affects your dexterity (+4).
   It makes you vulnerable to fire.
   It protects you from cold.
 F - a ring of see invisible
 N - a ring of protection from cold
 Q - a ring of willpower
 U - a +6 ring of intelligence (right hand)
 X - a ring of protection from cold
 Z - an amulet of reflection
Wands
 b - a wand of acid (7)
 i - a wand of flame (104)
 k - a wand of polymorph (16)
 v - a wand of charming (9)
 A - a wand of iceblast (57)
 O - a wand of digging (11)
 S - a wand of mindburst (14)
Scrolls
 d - 8 scrolls of blinking
 l - 5 scrolls of fog
 q - 3 scrolls of fear
 r - 5 scrolls of immolation
 t - a scroll of brand weapon
 w - 17 scrolls of identify
 x - 8 scrolls of enchant armour
 z - 15 scrolls of teleportation
 E - 6 scrolls of magic mapping
 P - 2 scrolls of silence
 Y - 4 scrolls of enchant weapon
Potions
 a - 10 potions of attraction
 c - 7 potions of berserk rage
 g - 20 potions of curing
 h - 8 potions of haste
 j - 3 potions of cancellation
 m - a potion of magic
 o - 13 potions of might
 p - 6 potions of ambrosia
 u - 10 potions of mutation
 J - 7 potions of heal wounds
 M - 8 potions of brilliance
 T - 2 potions of resistance
Miscellaneous
 B - a phantom mirror


   Skills:
 * Level 25.8 Fighting
 - Level 6.0 Armour
 - Level 13.5 Dodging
 - Level 1.5 Stealth
 - Level 4.0 Shields
 * Level 20.7 Spellcasting
 - Level 8.0 Evocations


You couldn't memorise any spells.
You knew the following spells:

 Your Spells              Type           Power      Damage    Failure   Level
a - Sting                 Tmut/Pois      100%       1d8       0%          1
b - Portal Projectile     Hex/Tloc       100%       N/A       0%          3
c - Ice Form              Ice/Tmut       100%       N/A       0%          4
d - Olgreb's Toxic Radia  Pois           100%       N/A       0%          4
e - Borgnjor's Vile Clut  Necr/Erth      53%        N/A       0%          5
f - Summon Small Mammal   Summ           100%       N/A       0%          1
g - Passwall              Tmut/Erth      89%        N/A       0%          2
h - Call Imp              Summ           100%       N/A       0%          2
i - Ignite Poison         Fire/Tmut/Pois 100%       N/A       0%          3
j - Starburst             Conj/Fire      65%        8x6d17    1%          6
k - Orb of Destruction    Conj           65%        9d18      1%          7
l - Simulacrum            Ice/Necr       53%        N/A       1%          6
m - Haunt                 Necr/Summ      53%        N/A       1%          7
n - Lehudib's Crystal Sp  Conj/Erth      65%        10d15     3%          8
p - Poisonous Vapours     Pois/Air       100%       N/A       0%          2
x - Mephitic Cloud        Conj/Pois/Air  100%       N/A       0%          3
z - Storm Form            Tmut/Air       53%        N/A       1%          7
Your spell library was empty.

Dungeon Overview and Level Annotations

Branches:
Dungeon (15/15)            Temple (1/1) D:6            Lair (6/6) D:11
  Swamp (4/4) Lair:3       Spider (4/4) Lair:3        Slime (5/5) Lair:5
    Orc (2/2) D:12            Elf (3/3) Orc:2        Vaults (4/5) D:13
  Crypt (1/3) Vaults:3     Depths (0/5) D:15          IceCv (visited)

Altars:
Ashenzari
Cheibriados
Dithmenos
Elyvilon
Fedhas
Gozag
Hepliaklqana
Kikubaaqudgha
Makhleb
Nemelex Xobeh
Okawaru
Qazlal
Ru
Sif Muna
Trog
Vehumet
Wu Jian
Xom
Yredelemnul
Zin
The Shining One
Beogh
Jiyva

Shops:
D:8 *   D:9 ?((!   D:10 *   Orc:2 ([*[   Elf:2 [(

Portals:
Abyss: Spider:3
Trove: Vaults:2 (give horn of Geryon)

Annotations:
Spider:3 2 transporters


Innate Abilities, Weirdness & Mutations

You are immune to sickness and miasma.
You are immune to poison.
Your flesh is very heat resistant. (rF++)
You are vulnerable to cold. (rC-)
You float through the air rather than walking.
You learn spells naturally, not from books.
Your magical power is your life essence.
You have superior vitality. (+4 HP)


Message History

The orb of destruction hits something!!!!
Makhleb accepts your kill.
You feel better.
Reactivating autopickup.
You feel a bit more experienced.
Casting: Orb of Destruction (mildly dangerous; 1% risk of failure)
Confirm with . or Enter, or press ? or * to list all spells.
Aiming: Orb of Destruction (mildly dangerous; 1% risk of failure)
Press: ? - help, Shift-Dir - straight line, f - eidolon
Aim: an eidolon You feel a surge of power!
Unknown command.
The orb of destruction hits the eidolon!!!
The eidolon is almost destroyed.
The eidolon stares piercingly at you. The bolt of negative energy hits you!!!
You feel drained.
Casting: Orb of Destruction (mildly dangerous; 1% risk of failure)
Confirm with . or Enter, or press ? or * to list all spells.
Aiming: Orb of Destruction (mildly dangerous; 1% risk of failure)
Press: ? - help, Shift-Dir - straight line, f/p - eidolon
Aim: an eidolon (almost destroyed)
You feel a surge of power!
A skeletal warrior comes into view. It is wielding a +0 short sword.
The orb of destruction hits the eidolon!!!
You blow up the eidolon!
Makhleb accepts your kill.
You feel better.
Casting: Orb of Destruction (mildly dangerous; 1% risk of failure)
Confirm with . or Enter, or press ? or * to list all spells.
Aiming: Orb of Destruction (mildly dangerous; 1% risk of failure)
Press: ? - help, Shift-Dir - straight line, f - death knight
Aim: a death knight, wielding a +0 broad axe and wearing a +0 chain mail You feel a surge of power!
The death knight invokes the aid of Yredelemnul against you.
Your body is wracked with pain!
* * * LOW HITPOINT WARNING * * *
The death knight offers itself to Yredelemnul, and fills with unholy energy.
Makhleb accepts your kill.
You feel a bit more experienced.
Your damage is reflected back at you!
You die...

.........>...............#.##...#
.........................#.#.⌠.⌠.
.........................#.#.....
.........................#.#.⌠.⌠.
.........................#.##...#
.........................#.⌠#####
#............!...........##......
##.....................zz.####.##
##.............@...°○°○p...))...
###############################


You could see a skeletal warrior.

Vanquished Creatures
  the Royal Jelly (Slime:5)
  Bai Suzhen (Swamp:3)
  the Lernaean hydra (Swamp:4)
  The ghost of DizzySkin the Executioner, a veteran MiBe of Trog (Vaults:4)
  Nikola (Swamp:2)
  Arachne (Spider:4)
  A hellephant (Spider:3)
  A tentacled monstrosity (Vaults:4)
  2 titans (Vaults:4)
  2 deep elf master archers (Elf:3)
  The ghost of Vanwaer the Warrior, an adept VSBe of Trog (Vaults:1)
  2 deep elf blademasters (Elf:3)
  20 acid blobs
  Asterion (Vaults:3)
  4 tengu reavers
  Frances (Swamp:1)
  Agnes (Spider:4)
  Kirke (Swamp:1)
  A thorn hunter (Swamp:3)
  5 azure jellies
  A storm dragon (Vaults:4)
  6 sphinxes
  Donald (Elf:2)
  3 revenants
  3 rockslimes
  A fire giant (Vaults:4)
  A deep elf sorcerer (Elf:3)
  6 ghost moths
  2 curse skulls
  17 vault wardens
  2 cacodemons (Spider:3)
  Aizul (Swamp:4)
  8 emperor scorpions
  2 ghouls (Crypt:1)
  12 quicksilver oozes
  5 very ugly things (Vaults:2)
  3 orc warlords
  5 deep elf elementalists (Elf:3)
  A quicksilver ooze (shapeshifter) (Vaults:4)
  A juggernaut zombie (D:15)
  18 ironbound preservers
  10 deep elf demonologists
  Nessos (Lair:5)
  2 vampire knights (Crypt:1)
  2 deep elf annihilators (Elf:3)
  2 spark wasps
  7 dire elephants
  A spectral titan (Vaults:3)
  3 eidola (Crypt:1)
  4 entropy weavers
  Snorg (D:14)
  3 ettins
  3 crystal guardians (Vaults:1)
  8 deep elf death magi
  4 eleionomae
  9 ironbound thunderhulks
  9 great orbs of eyes
  3 deep elf high priests
  11 boulder beetles
  2 peacekeepers (Vaults:1)
  20 hydras
  16 yaktaur captains
  A spriggan air mage (Swamp:4)
  2 catoblepae
  13 centaur warriors
  2 ghost crabs
  15 vault guards
  8 alligators
  8 ironbound frosthearts
  A spectral stone giant (Vaults:3)
  9 two-headed ogres
  2 death knights
  11 death yaks
  The ghost of hilljack the Vexing, a journeyman GrAM of Vehumet (D:10)
  A deep troll earth mage (Vaults:4)
  5 ironbound beastmasters
  31 dancing weapons
  A spriggan berserker (Swamp:4)
  A thrashing horror (Spider:3)
  4 orc high priests (Orc:2)
  A storm dragon zombie (Crypt:1)
  A spectral elf (Vaults:3)
  A soul eater (Crypt:1)
  20 deep elf knights
  A wretched star (Spider:3)
  A goliath frog (Swamp:1)
  6 skeletal warriors
  A sea snake (shapeshifter) (Vaults:3)
  A swamp dragon (shapeshifter) (Vaults:1)
  50 deep trolls
  3 spriggan druids
  11 deep elf archers
  A glowing orange brain (Vaults:4)
  13 swamp dragons
  4 harpies (D:14)
  An obsidian statue (Vaults:1)
  A flayed ghost (D:15)
  23 deep elf zephyrmancers
  12 ironbound convokers
  9 orc knights
  2 phantasmal warriors (Vaults:3)
  5 bog bodies
  3 lindwurms
  11 wizards
  19 orb spiders
  3 shining eyes
  21 wolf spiders
  A stone giant zombie (Crypt:1)
  A fire giant zombie (D:15)
  3 cyclopes
  47 deep elf pyromancers
  5 orc sorcerers
  A cyclops (shapeshifter) (Elf:1)
  3 necromancers
  4 will-o-the-wisps
  21 ugly things
  2 manticores
  5 black mambas
  A stone giant skeleton (Vaults:2)
  A frost giant skeleton (Crypt:1)
  8 elephants (Lair:6)
  2 moths of wrath
  3 ice statues (IceCv)
  An eye of devastation (Slime:3)
  18 cane toads
  16 vault sentinels
  A yellow draconian zombie (Crypt:1)
  A storm dragon simulacrum (Vaults:3)
  12 komodo dragons
  2 gargoyles
  2 torpor snails
  3 freezing wraiths
  A kobold demonologist (D:13)
  8 rime drakes
  12 demonic crawlers
  3 tengu conjurers
  39 yaktaurs
  Maggie (Lair:2)
  6 trolls
  A very ugly thing simulacrum (IceCv)
  An entropy weaver simulacrum (IceCv)
  2 human skeletons (Vaults:2)
  A bloated husk (Swamp:2)
  2 polar bears
  8 tyrant leeches
  An iron troll skeleton (Crypt:1)
  18 hornets
  23 jumping spiders
  A hydra skeleton (Crypt:1)
  12 blink frogs
  10 dream sheep
  A raiju (Spider:3)
  An iron dragon simulacrum (Vaults:3)
  2 fire giant simulacra (Vaults:3)
  94 slime creatures
  A meliai zombie (D:10)
  49 redbacks
  A fire dragon zombie (Crypt:1)
  2 deep troll zombies (D:15)
  13 spriggans
  4 air elementals (Elf:2)
  Sigmund (D:4)
  2 water elementals (Elf:3)
  18 tarantellas
  3 wyverns
  45 yaks
  5 hogs (Swamp:1)
  11 wraiths
  9 basilisks
  2 vampires
  7 golden eyes
  2 steam dragons
  7 vampire mosquitoes
  Menkaure (D:4)
  A swamp worm (shapeshifter) (Vaults:4)
  4 wargs (Orc:2)
  A demonic crawler simulacrum (IceCv)
  26 swamp worms
  16 water moccasins
  Duvessa (D:7)
  An acid dragon (D:11)
  A sky beast (D:6)
  7 swamp drakes
  2 ice beasts
  50 orc warriors
  2 black bears
  2 ettin simulacra (Vaults:3)
  3 boggarts (Lair:5)
  20 wolves
  3 ogres
  12 centaurs
  17 bullfrogs
  3 kobold brigands (D:7)
  A gnoll sergeant (D:7)
  A merfolk simulacrum (Crypt:1)
  An earth elemental (Elf:2)
  A salamander skeleton (Crypt:1)
  2 scorpions (D:7)
  Dowan (D:7)
  A water moccasin skeleton (D:4)
  5 wights
  2 howler monkeys
  A bullfrog zombie (D:7)
  A human simulacrum (Vaults:3)
  4 jellies
  10 centaur zombies
  A centaur skeleton (D:7)
  31 orc priests
  3 gnoll shamans
  3 hounds
  4 iguanas
  39 orc wizards
  6 hell rats (Lair:5)
  A hound zombie (D:5)
  A hound skeleton (D:4)
  A howler monkey skeleton (D:7)
  A howler monkey zombie (D:9)
  12 gnolls
  6 adders
  A shadow imp (D:7)
  2 white imps
  An ufetubus (D:4)
  An adder skeleton (D:4)
  4 worms
  3 dart slugs
  136 orcs
  9 ball pythons
  7 endoplasms
  2 giant cockroaches
  8 goblins
  14 hobgoblins
  8 jackals
  16 kobolds
  A quokka (D:3)
  5 bats
  8 frilled lizards
  A giant cockroach zombie (Crypt:1)
  4 rats
  A bush (Lair:5)
  A fungus (Lair:2)
  A plant (Lair:4)
1751 creatures vanquished.

Vanquished Creatures (collateral kills)
  The ghost of Eldin the Sorcerer, a veteran DEWz of Sif Muna (Vaults:3)
  The ghost of hatdisgam the Fencer, an adept FoEE of Cheibriados (Spider:3)
  2 eleionomae (Swamp:4)
  A shambling mangrove (Swamp:4)
  A hydra (Swamp:4)
  A dancing weapon (Elf:2)
  An alligator (Swamp:4)
  2 swamp dragons (Swamp:4)
  An ugly thing (Spider:3)
  A demonic crawler (Spider:4)
  A tyrant leech (Swamp:4)
  2 hornets
  A slime creature (Vaults:1)
  3 swamp drakes (Swamp:4)
19 creatures vanquished.

Vanquished Creatures (others)
  2 entropy weaver simulacra (IceCv)
  2 demonic crawler simulacra (IceCv)
  3 ugly thing simulacra (IceCv)
  4 foxfires (Swamp:2)
  34 fungi
  52 plants
97 creatures vanquished.

Grand Total: 1867 creatures vanquished

Notes
Turn   | Place    | Note
-------+----------+-------------------------------------------
     0 | D:1      | dickylongcocking the Djinni Venom Mage began the quest for
                  | the Orb.
     0 | D:1      | Reached XP level 1. HP: 15/15 MP: 0/0
   205 | D:1      | Reached skill level 1 in Fighting
   312 | D:1      | Reached XP level 2. HP: 21/22 MP: 0/0
   732 | D:1      | Reached skill level 2 in Fighting
   930 | D:1      | Reached XP level 3. HP: 19/29 MP: 0/0
   930 | D:1      | Learned a level 1 spell: Summon Small Mammal
  1926 | D:2      | Reached skill level 3 in Fighting
  2366 | D:2      | Reached XP level 4. HP: 28/35 MP: 0/0
  3025 | D:2      | Found a snail-covered altar of Cheibriados.
  3168 | D:2      | Found a faded altar of an unknown god.
  3879 | D:3      | Noticed an ogre
  3896 | D:3      | Reached XP level 5. HP: 11/41 MP: 0/0
  3896 | D:3      | Learned a level 2 spell: Passwall
  3922 | D:3      | Killed an ogre
  3923 | D:3      | Reached skill level 4 in Fighting
  4182 | D:3      | Reached XP level 6. HP: 30/48 MP: 0/0
  4827 | D:3      | Found a faded altar of an unknown god.
  4827 | D:3      | Found a shadowy altar of Dithmenos.
  4835 | D:3      | Found a glowing silver altar of Zin.
  4837 | D:3      | Found a faded altar of an unknown god.
  4839 | D:3      | Found a white marble altar of Elyvilon.
  5079 | D:4      | Noticed Sigmund
  5087 | D:4      | Killed Sigmund
  5088 | D:4      | Reached skill level 5 in Fighting
  5088 | D:4      | Reached XP level 7. HP: 27/54 MP: 0/0
  5088 | D:4      | Learned a level 2 spell: Call Imp
  5974 | D:4      | Found an iron altar of Okawaru.
  6440 | D:4      | Noticed Menkaure
  6446 | D:4      | Killed Menkaure
  6447 | D:4      | Reached skill level 5 in Spellcasting
  6447 | D:4      | Reached XP level 8. HP: 25/61 MP: 0/0
  6730 | D:5      | Entered Level 5 of the Dungeon
  7023 | D:5      | Found a stormy altar of Qazlal.
  7311 | D:5      | Reached skill level 6 in Fighting
  8749 | D:6      | Reached XP level 9. HP: 50/67 MP: 0/0
  8749 | D:6      | Learned a level 3 spell: Portal Projectile
  8865 | D:6      | Found a staircase to the Ecumenical Temple.
  8871 | Temple   | Entered the Ecumenical Temple
  9101 | Temple   | Became a worshipper of Makhleb the Destroyer
  9656 | D:7      | Noticed Duvessa
  9659 | D:7      | Noticed Dowan
  9662 | D:7      | Killed Duvessa
  9663 | D:7      | Reached skill level 7 in Fighting
  9664 | D:7      | Killed Dowan
 10168 | D:7      | Noticed a troll
 10179 | D:7      | Killed a troll
 10599 | D:7      | Reached skill level 8 in Fighting
 10762 | D:7      | Reached * piety under Makhleb
 10906 | D:7      | Found an opulent altar of Gozag.
 10914 | D:7      | Reached XP level 10. HP: 54/76 MP: 0/0
 11449 | D:7      | Noticed a komodo dragon
 11454 | D:7      | Killed a komodo dragon
 11713 | D:8      | Reached skill level 9 in Fighting
 12355 | D:8      | Reached ** piety under Makhleb
 12456 | D:8      | Found Gatt's Neck Hole.
 12631 | D:8      | Found a shimmering altar of Xom.
 12847 | D:9      | Found Taegom's Weapon Emporium.
 12999 | D:9      | Found Vatetyl's Magic Scroll Shop.
 13001 | D:9      | Found Etah's Antique Weapon Boutique.
 13016 | D:9      | Found Cugar's Distillery.
 13164 | D:9      | Reached XP level 11. HP: 79/84 MP: 0/0
 13164 | D:9      | Learned a level 4 spell: Ice Form
 13316 | D:8      | Bought a scarf of resistance for 416 gold pieces
 13681 | D:9      | Noticed a two-headed ogre
 13692 | D:9      | Noticed a cyclops
 13698 | D:9      | Killed a cyclops
 13699 | D:9      | Reached skill level 10 in Spellcasting
 13817 | D:9      | Noticed a boulder beetle
 13823 | D:9      | Killed a boulder beetle
 13824 | D:9      | Reached skill level 10 in Fighting
 13824 | D:9      | Killed a two-headed ogre
 14140 | D:9      | Identified the +1 pair of gloves of Youthful Indiscretion
                  | {Harm rElec}
 14262 | D:10     | Entered Level 10 of the Dungeon
 14309 | D:10     | Found Sepheit's Assorted Antiques.
 14333 | D:10     | Noticed a two-headed ogre
 14337 | D:10     | Killed a two-headed ogre
 14472 | D:10     | Found a large runed translucent door.
 14472 | D:10     | Found a large runed translucent door.
 14481 | D:10     | Noticed hilljack's ghost (journeyman GrAM)
 14613 | D:10     | Reached *** piety under Makhleb
 14940 | D:10     | Noticed a deep elf pyromancer
 14940 | D:10     | Noticed a deep elf pyromancer
 15175 | D:10     | Noticed a two-headed ogre
 15180 | D:10     | Killed a two-headed ogre
 15181 | D:10     | Reached skill level 11 in Fighting
 15181 | D:10     | Reached XP level 12. HP: 83/94 MP: 0/0
 15678 | D:11     | Found a staircase to the Lair.
 15718 | D:11     | Noticed a two-headed ogre
 15723 | D:11     | Killed a two-headed ogre
 16112 | D:11     | Noticed a centaur warrior
 16117 | D:11     | Killed a centaur warrior
 16819 | D:12     | Reached **** piety under Makhleb
 17585 | D:12     | Noticed a boulder beetle
 17590 | D:12     | Killed a boulder beetle
 17656 | D:12     | Found a staircase to the Orcish Mines.
 17843 | D:13     | Reached skill level 12 in Fighting
 17920 | D:13     | Noticed a vault guard
 17920 | D:13     | Noticed a vault guard
 17920 | D:13     | Noticed a vault guard
 17921 | D:13     | Found a gate to the Vaults.
 17921 | D:13     | Noticed a vault guard
 17921 | D:13     | Noticed a vault guard
 17921 | D:13     | Noticed a vault guard
 17922 | D:13     | Noticed a vault guard
 17922 | D:13     | Noticed a vault guard
 17930 | D:13     | Killed a vault guard
 17930 | D:13     | Killed a vault guard
 17930 | D:13     | Killed a vault guard
 17930 | D:13     | Killed a vault guard
 17930 | D:13     | Killed a vault guard
 17930 | D:13     | Killed a vault guard
 17930 | D:13     | Killed a vault guard
 17931 | D:13     | Reached XP level 13. HP: 102/102 MP: 0/0
 17931 | D:13     | Learned a level 5 spell: Borgnjor's Vile Clutch
 17951 | D:13     | Killed a vault guard
 18284 | D:13     | Reached skill level 13 in Fighting
 19076 | Orc:1    | Entered Level 1 of the Orcish Mines
 19262 | Orc:1    | Noticed an orc warlord
 19263 | Orc:1    | Reached ***** piety under Makhleb
 19267 | Orc:1    | Killed an orc warlord
 19268 | Orc:1    | Reached skill level 5 in Dodging
 19442 | Orc:1    | Reached XP level 14. HP: 107/110 MP: 0/0
 19619 | Orc:2    | Entered Level 2 of the Orcish Mines
 19822 | Orc:2    | Found a staircase to the Elven Halls.
 19890 | Orc:2    | Found Kysarch's General Store.
 19926 | Orc:2    | Bought a scroll of teleportation for 36 gold pieces
 19926 | Orc:2    | Bought a potion of resistance for 120 gold pieces
 20022 | Orc:2    | Reached skill level 14 in Fighting
 20136 | Orc:2    | Found Hujegumma's Armour Boutique.
 20273 | Orc:2    | Reached ****** piety under Makhleb
 20277 | Orc:2    | Noticed an orc warlord
 20282 | Orc:2    | Killed an orc warlord
 20742 | Orc:2    | Found Hyhisu's Antique Armour Emporium.
 20744 | Orc:2    | Found Qoafuzun's Antique Weapon Shoppe.
 20751 | Orc:2    | Bought a pair of embroidered gloves for 217 gold pieces
 20751 | Orc:2    | Bought a runed cloak for 217 gold pieces
 21026 | D:9      | Bought a scroll of acquirement for 520 gold pieces
 21026 | D:9      | Acquired 599 gold pieces
 21044 | D:9      | Bought a potion of experience for 700 gold pieces
 21044 | D:9      | Reached XP level 15. HP: 118/118 MP: 0/0
 21044 | D:9      | Learned a level 6 spell: Starburst
 21084 | D:10     | Killed hilljack's ghost
 21159 | Lair:1   | Entered Level 1 of the Lair of Beasts
 21881 | Lair:2   | Noticed Maggie
 21885 | Lair:2   | Killed Maggie
 22008 | Lair:2   | Reached skill level 15 in Fighting
 22074 | Lair:2   | Reached skill level 10 in Dodging
 22853 | Lair:2   | Reached XP level 16. HP: 124/126 MP: 0/0
 23611 | Lair:3   | Found a frozen archway.
 23626 | IceCv    | Entered an ice cave
 23889 | IceCv    | Found a viscous altar of Jiyva.
 23889 | IceCv    | Noticed an azure jelly
 23893 | IceCv    | Killed an azure jelly
 23912 | IceCv    | Identified the amulet "Xapsepoh" {Acrobat rPois rF+ Dex-3}
 23913 | IceCv    | Identified the +1 robe of Makhleb's Delight {rF++ Int-2}
 23943 | IceCv    | Got the ring "Fashraqi" {Ice Str+2 Dex+4}
 24221 | IceCv    | Got the ring of the Princeling {Ice rCorr Int-5 Dex+7}
 24393 | Lair:3   | Found the +12 glaive of Prune {vorpal}
 24405 | Lair:3   | Reached skill level 16 in Fighting
 24659 | D:10     | Bought a curved jewelled staff for 420 gold pieces
 26743 | Lair:5   | Reached XP level 17. HP: 134/135 MP: 0/0
 26743 | Lair:5   | Learned a level 7 spell: Orb of Destruction
 26814 | Lair:5   | Noticed Nessos
 26820 | Lair:5   | Killed Nessos
 26821 | Lair:5   | Reached skill level 1 in Shields
 27122 | Lair:5   | Found a viscous altar of Jiyva.
 27122 | Lair:5   | Found a staircase to the Slime Pits.
 27316 | Lair:6   | Entered Level 6 of the Lair of Beasts
 27478 | Lair:6   | Reached skill level 17 in Fighting
 28598 | Lair:3   | Found a hole to the Spider Nest.
 28857 | Lair:3   | Found a staircase to the Swamp.
 29514 | D:14     | Noticed Snorg
 29519 | D:14     | Killed Snorg
 29833 | D:15     | Entered Level 15 of the Dungeon
 29996 | D:15     | Found a staircase to the Depths.
 30013 | D:15     | Reached skill level 15 in Spellcasting
 30113 | D:15     | Reached XP level 18. HP: 142/142 MP: 0/0
 30240 | D:15     | Found a broken altar of Ashenzari.
 30619 | Spider:1 | Entered Level 1 of the Spider Nest
 32504 | Spider:3 | Found a transporter.
 32540 | Spider:3 | Found a transporter.
 32555 | Spider:3 | Noticed hatdisgam's ghost (adept FoEE)
 32558 | Spider:3 | Noticed a hellephant
 32568 | Spider:3 | Killed hatdisgam's ghost
 32599 | Spider:3 | Killed a hellephant
 32746 | Spider:3 | Found a one-way gate to the infinite horrors of the Abyss.
 32794 | Spider:3 | Identified the ring of Wiefev {+Blink rCorr Str-2 Dex+3}
 33440 | Spider:4 | Entered Level 4 of the Spider Nest
 33520 | Spider:4 | Noticed Arachne
 33526 | Spider:4 | Killed Arachne
 33759 | Spider:4 | Reached XP level 19. HP: 148/148 MP: 0/0
 33759 | Spider:4 | Learned a level 6 spell: Simulacrum
 33995 | Spider:4 | Noticed Agnes
 33999 | Spider:4 | Killed Agnes
 34005 | Spider:4 | Reached skill level 18 in Fighting
 34227 | Spider:4 | Got a gossamer rune of Zot
 34479 | Spider:4 | Identified the +2 hand crossbow of Eternal Vigilance
                  | {flame, Int+3}
 34857 | Swamp:1  | Entered Level 1 of the Swamp
 34861 | Swamp:1  | Noticed Frances
 34879 | Swamp:1  | Killed Frances
 34968 | Swamp:1  | Noticed Kirke
 34988 | Swamp:1  | Killed Kirke
 35403 | Swamp:2  | Reached skill level 19 in Fighting
 35928 | Swamp:2  | Noticed Nikola
 35934 | Swamp:2  | Killed Nikola
 36179 | Swamp:3  | Reached XP level 20. HP: 160/160 MP: 0/0
 36224 | Swamp:3  | Identified the +4 rapier "Gunailla" {pain, Fly rN+++ Str-3
                  | Dex-4}
 36358 | Swamp:3  | Noticed Bai Suzhen
 36369 | Swamp:3  | Killed Bai Suzhen
 36618 | Swamp:3  | Reached skill level 20 in Fighting
 37013 | Swamp:4  | Entered Level 4 of the Swamp
 37022 | Swamp:4  | Noticed Aizul
 37025 | Swamp:4  | Killed Aizul
 37302 | Swamp:4  | Noticed the 27-headed Lernaean hydra
 37314 | Swamp:4  | Killed the 27-headed Lernaean hydra
 37315 | Swamp:4  | Reached skill level 1 in Evocations
 37650 | Swamp:4  | Got a decaying rune of Zot
 38023 | Vaults:1 | Entered Level 1 of the Vaults
 38255 | Elf:1    | Entered Level 1 of the Elven Halls
 38803 | Elf:1    | Reached skill level 21 in Fighting
 38846 | Elf:1    | Reached skill level 5 in Evocations
 38948 | Elf:1    | Found the +2 hood of the Assassin {Detection Stab+ Stlth++}
 38967 | Elf:1    | Reached XP level 21. HP: 143/171 MP: 0/0
 38967 | Elf:1    | Learned a level 7 spell: Haunt
 39945 | Elf:2    | Found Deno Ruq's Weapon Shop.
 39949 | Elf:2    | Found Jeyvvum's Antique Armour Shop.
 40380 | Elf:2    | Found a runed translucent gate.
 40380 | Elf:2    | Found a runed translucent gate.
 40380 | Elf:2    | Found a runed translucent gate.
 41324 | Elf:2    | Noticed Donald
 41330 | Elf:2    | Killed Donald
 41644 | Elf:2    | Paralysed by an air elemental for 1 turns
 41869 | Elf:3    | Entered Level 3 of the Elven Halls
 42393 | Elf:3    | Reached skill level 22 in Fighting
 42397 | Elf:3    | Reached XP level 22. HP: 144/180 MP: 0/0
 42761 | Elf:3    | Found the +3 crown of Dyrovepreva {rElec Int+2 SInv}
 42776 | Elf:3    | Identified the +3 scimitar of Cheibriados's Hope {drain,
                  | *Corrode rElec rN+++}
 42829 | Elf:3    | Identified the +3 ring mail "Poive" {rElec rCorr Stlth+}
 42860 | Elf:3    | Identified the +1 plate armour of Divine Intervention
                  | {Will+ Int+2}
 43346 | Vaults:1 | You are sucked into a shaft and drop 1 floor!
 43573 | Vaults:2 | Found a portal to a secret trove of treasure.
 45481 | Vaults:2 | Reached skill level 23 in Fighting
 46047 | Vaults:3 | Reached XP level 23. HP: 189/189 MP: 0/0
 46047 | Vaults:3 | Learned a level 7 spell: Storm Form
 46423 | Vaults:3 | Identified the Papyrus of Cold and Earth
 46641 | Vaults:3 | Noticed Asterion
 46648 | Vaults:3 | Killed Asterion
 46980 | Vaults:3 | Found a runed translucent gate.
 46980 | Vaults:3 | Found a runed translucent gate.
 46980 | Vaults:3 | Found a runed translucent gate.
 47690 | Vaults:3 | Found a staircase to the Crypt.
 48065 | Vaults:3 | Noticed Eldin's ghost (veteran DEWz)
 48093 | Vaults:3 | Killed Eldin's ghost
 48179 | Vaults:3 | Identified the +6 plate armour of Jiziunn {rPois Dex+3}
 48722 | Vaults:4 | Reached skill level 24 in Fighting
 48958 | Vaults:4 | Identified the +1 bardiche "Isyakkec" {elec, rF- Int+5}
 49141 | Vaults:4 | Reached XP level 24. HP: 199/199 MP: 0/0
 49716 | Vaults:4 | Noticed DizzySkin's ghost (veteran MiBe)
 49722 | Vaults:4 | Found a runed translucent gate.
 49722 | Vaults:4 | Found a runed translucent gate.
 49722 | Vaults:4 | Found a runed translucent gate.
 50252 | Vaults:4 | Killed DizzySkin's ghost
 51555 | Vaults:1 | Found a runed translucent gate.
 51555 | Vaults:1 | Found a runed translucent gate.
 51555 | Vaults:1 | Found a runed translucent gate.
 51556 | Vaults:1 | Found an opulent altar of Gozag.
 51557 | Vaults:1 | Noticed Vanwaer's ghost (adept VSBe)
 51785 | Vaults:1 | Acquired the +5 hat of Xaokij {rN++}
 52633 | Vaults:1 | Reached XP level 25. HP: 190/207 MP: 0/0
 52633 | Vaults:1 | Learned a level 8 spell: Lehudib's Crystal Spear
 52842 | Vaults:1 | Reached skill level 25 in Fighting
 52844 | Vaults:1 | Killed Vanwaer's ghost
 53649 | D:8      | Bought an amulet of regeneration for 390 gold pieces
 54392 | Slime:1  | Entered Level 1 of the Pits of Slime
 54826 | Slime:5  | Entered Level 5 of the Pits of Slime
 54850 | Slime:5  | Found a viscous altar of Jiyva.
 54850 | Slime:5  | Noticed the Royal Jelly
 54880 | Slime:5  | Killed the Royal Jelly
 54974 | Slime:5  | Found the +3 giant club "Skullcrusher" {speed, Str+7}
 54980 | Slime:5  | Got a slimy rune of Zot
 55021 | Slime:5  | Identified the +1 chain mail of Compression {rPois Str-3
                  | SInv}
 55996 | Crypt:1  | Entered Level 1 of the Crypt
 56601 | Crypt:1  | Killed by mirror damage

Illustrated notes

Levels and vault maps discovered:
D:1:      heliophobic_arrival_battle_scene, layout_loops_corners
D:2:      layout_loops_corners, dilly_ecumenical_altar_fadedgnrine, basic_altar
D:3:      layout_loops_ring, chequers_temple_overflow_minitemple, serial_forest,
          infiniplex_forest_clump_double, infiniplex_forest_end_2,
          infiniplex_forest_lined_2, infiniplex_forest_end_3,
          infiniplex_forest_straight_4, infiniplex_forest_3_way,
          infiniplex_forest_lined_3, infiniplex_forest_clump_double,
          infiniplex_forest_pool, infiniplex_forest_lined_1
D:4:      layout_rooms, kennysheep_okawaru_gauntlet, uniq_sigmund, uniq_menkaure
D:5:      minmay_evil_eye, layout_layer_cave, overflow_temple_1_default
D:6:      layout_gridville, minmay_temple_entry_ruins, st_stairs_9
D:7:      minmay_razor_zed, layout_rooms, overflow_temple_1_default,
          minmay_lizard_king, uniq_duvessa
D:8:      layout_cave_pools, general_overflow_altar, serial_column_ruins,
          column_ruins_hut, column_ruins_open_small,
          column_ruins_columns_straight, column_ruins_corridor_straight,
          column_ruins_open_small, column_ruins_corridor_straight,
          nicolae_shop_sticking_my_neck_out
D:9:      minmay_clustersquares, layout_basic, serial_shops, nicolae_shop_stone,
          shop, shop, nicolae_stop_n_shop_1
D:10:     layout_rooms, serial_shops, nicolae_square_shop,
          ebering_ghost_disaster_area, lightli_corner_chamber
D:11:     layout_roguey, lair_entry_dummy
D:12:     layout_roguey, david_orc_4
D:13:     layout_rooms, erik_vaults_2
D:14:     layout_irregular_city, dk_noncrumbling_2, uniq_snorg
D:15:     gammafunk_depths_entry_grave, layout_rooms, ashenzari_altar_1
Temple:   regret_index_temple_waves
Lair:1:   layout_roguey, grunt_megastairs_2
Lair:2:   nzn_winding_woodlands_medium [nzn_winding_woodlands_5x5_open_star,
          nzn_winding_woodlands_5x15_default, nzn_winding_woodlands_5x5_cross,
          nzn_winding_woodlands_5x5_perimeter,
          nzn_winding_woodlands_center_lodge, nzn_winding_woodlands_5x5_three,
          nzn_winding_woodlands_5x5_default, nzn_winding_woodlands_5x15_default,
          nzn_winding_woodlands_5x5_closed_star], layout_cave_pods,
          chequers_serial_rivers_micro_c, uniq_maggie
Lair:3:   layout_chaotic_city, palyth_hydra_swamp_entry,
          spider_nest_entry_funnel_web, portal_ice_cave_entry_pillars_2,
          minivault_23, chequers_serial_rivers_small_b, st_stairs_12,
          minivault_24, beast_lair_carwin_5
Lair:4:   layout_layer_cave, lemuel_fruit_fields, grunt_megastairs_3
Lair:5:   kb_forest_paths, layout_loops_ring, dpeg_slime_entry_enclosed_altar,
          uniq_nessos
Lair:6:   hangedman_lair_in_review, layout_regular_city
Swamp:1:  layout_basic_swamp, nicolae_swamp_decorative_isthmus, swamp_pool3,
          uniq_kirke, uniq_frances
Swamp:2:  layout_basic_swamp, evilmike_swamp_ruin_rubble_2, worms_lemuel,
          uniq_nikola
Swamp:3:  layout_basic_swamp, evilmike_swamp_ruin_house_4,
          infiniplex_staircase_pool_2, uniq_bai_suzhen
Swamp:4:  swamp_old_school, layout_basic_swamp, swamp_pool2, uniq_aizul
Spider:1: layout_spider_delve
Spider:2: layout_spider_delve, nicolae_orb_island
Spider:3: layout_chambers, gammafunk_ghost_abyssal_escape, drop_trap
Spider:4: guppyfry_spider_rune, nicolae_spider_claw_tunnel, uniq_agnes,
          uniq_arachne
Slime:1:  layout_caves
Slime:2:  layout_caves, nicolae_slime_phagocytosis
Slime:3:  layout_caves
Slime:4:  layout_caves
Slime:5
Orc:1:    cheibrodos_orc_bank, layout_diamond_mine
Orc:2:    grunt_orc_community_town_hall, layout_caves,
          grunt_orc_community_big_house_1, grunt_orc_community_big_house_2,
          grunt_orc_community_house_2, grunt_orc_community_house_3,
          grunt_orc_community_house_1, grunt_orc_community_house_3,
          grunt_orc_community_house_2, grunt_orc_community_house_3, basic_altar,
          minmay_orc_keep
Elf:1:    elf_arrival_002, layout_gridlike, basic_altar,
          hangedman_elven_crosses_minicolossus, hangedman_decor_cross_pass
Elf:2:    layout_loops_corners, chequers_hall_statues_corner_a,
          minmay_checkered_concentric_circles, minmay_shop_star, uniq_donald
Elf:3:    elf_hall, layout_loops_ring
Vaults:1: ebering_vaults_ghost_gozag, nicolae_vaults_know_your_exits,
          nicolae_vaults_ninety_degrees, nicolae_vaults_network_star,
          nicolae_vaults_windows_and_doors_thing,
          nicolae_vaults_border_crossing, nicolae_vaults_specimen_jars,
          nicolae_vaults_little_ls, layout_vaults_omnigrid
Vaults:2: nicolae_vaults_network_square, grunt_vaults_swirl,
          nicolae_vaults_puzzle_piece, vaults_mumra_minichess,
          ontoclasm_vaults_gallery, grunt_vaults_diagonal, vaults_mumra_hexcomb,
          vaults_dpeg_hooks, v_rooms_6, vaults_mumra_chevron,
          grunt_vaults_hallway_long, v_alt_pattern_1, ontoclasm_vaults_bender,
          nicolae_vaults_shelves_hall, layout_vaults_maze_bifur, enter_trove_0
Vaults:3: gammafunk_vaults_ghost_necromancy, nicolae_vaults_circle_grid_b,
          v_alt_pattern_6, minmay_crypt_entry_simple_box, vaults_dpeg_spiral,
          st_eye, nicolae_vaults_angled_halls, ontoclasm_vaults_misaligned,
          hangedman_vaults_river_flow, ontoclasm_vaults_eye, v_misc_14,
          ontoclasm_vaults_loading_screen, nicolae_vaults_rhombus_6,
          layout_vaults_ring, uniq_asterion
Vaults:4: gammafunk_vaults_ghost_split, nicolae_vaults_big_ls,
          grunt_vaults_twisty, nicolae_vaults_little_squares_1,
          minmay_guarded_unrand_guard_vaults, nicolae_vaults_mini_display_case,
          v_misc_8, nicolae_vaults_asterisk, v_misc_18, vaults_dpeg_ring,
          ontoclasm_vaults_loading_screen, v_rooms_3, vaults_room_door_ring,
          layout_vaults_big_cross
Crypt:1:  layout_gridlike, grunt_ministairs_11, grunt_crypt_arrival_split

Skill      XL: |  1  2  3  4  5  6  7  8  9 10 11 12 13 14 15 16 17 18 19 20 21 22 23 24 25 |
---------------+----------------------------------------------------------------------------+-----
Fighting       | 1 2 3 4 5 6 8 9 11 12 13 14 15 16 17 19 21 22 23 24 25 | 25.8
Spellcasting   | 3 4 5 6 8 9 11 13 15 16 17 18 19 20 | 20.7
Dodging        | 5 9 10 13 | 13.5
Armour         | 6 |  6.0
Shields        | 4 |  4.0
Evocations     | 5 8 |  8.0
Stealth        | |  1.5

Action                   |  1- 3 |  4- 6 |  7- 9 | 10-12 | 13-15 | 16-18 | 19-21 | 22-24 | 25-27 || total
-------------------------+-------+-------+-------+-------+-------+-------+-------+-------+-------++-------
Melee: Dagger            |     4 |     2 |       |       |       |       |       |       |       ||     6
       Quarterstaff      |       |    33 |    47 |    50 |    32 |     1 |       |       |       ||   163
       Staff             |       |       |       |       |       |     9 |     1 |     3 |       ||    13
 Cast: Sting             |    52 |    22 |    12 |     5 |    16 |       |       |       |       ||   107
       Poisonous Vapours |     8 |    13 |     4 |     2 |       |     4 |     1 |     1 |       ||    33
       Summon Small Mamm |     2 |       |       |       |       |       |       |       |       ||     2
       Olgreb's Toxic Ra |       |     2 |    38 |    87 |    83 |   125 |   107 |   164 |     3 ||   609
       Mephitic Cloud    |       |     2 |    15 |    24 |     8 |     7 |     3 |     3 |       ||    62
       Ignite Poison     |       |     2 |    54 |    98 |    73 |   104 |    91 |   144 |     2 ||   568
       Call Imp          |       |       |     1 |       |       |     1 |     1 |       |       ||     3
       Starburst         |       |       |       |       |    45 |   160 |    79 |    28 |    49 ||   361
       Borgnjor's Vile C |       |       |       |       |       |    34 |     3 |    12 |       ||    49
       Orb of Destructio |       |       |       |       |       |   115 |   186 |   156 |    79 ||   536
       Simulacrum        |       |       |       |       |       |       |     6 |       |       ||     6
       Haunt             |       |       |       |       |       |       |     1 |     6 |     4 ||    11
       Storm Form        |       |       |       |       |       |       |       |     9 |     1 ||    10
       Lehudib's Crystal |       |       |       |       |       |       |       |       |    18 ||    18
       Portal Projectile |       |       |       |       |       |       |       |       |     1 ||     1
 Abil: End Transformatio |       |       |       |       |       |       |       |     1 |     1 ||     2
Evoke: Wand              |       |       |       |     3 |     1 |     2 |       |       |     1 ||     7
       Phantom mirror    |       |       |       |       |       |       |     1 |       |     1 ||     2
  Use: Scroll            |       |     1 |     6 |    10 |     7 |     5 |     3 |     5 |     1 ||    38
       Potion            |       |       |       |     2 |     1 |     3 |     2 |       |     3 ||    11
 Stab: Sleeping          |       |     1 |     1 |       |       |       |       |       |       ||     2
       Paralysed         |       |       |       |     3 |       |       |       |       |       ||     3
       Confused          |       |       |       |     1 |       |       |       |       |       ||     1
Armor: Robe              |     5 |    15 |    20 |       |       |       |       |       |       ||    40
       Leather armour    |       |       |    34 |    72 |    11 |       |     5 |    28 |     1 ||   151
       Troll leather arm |       |       |       |       |    25 |    72 |    37 |       |       ||   134
       Skin              |       |       |       |       |       |       |       |    11 |       ||    11
       Ring mail         |       |       |       |       |       |       |       |       |    16 ||    16
Dodge: Dodged            |    18 |    35 |    85 |    74 |    65 |   141 |   121 |    97 |    31 ||   667
Block: Other             |       |       |       |       |       |    16 |       |     2 |       ||    18
       Buckler           |       |       |       |       |       |    53 |    99 |    81 |    19 ||   252
       Reflection        |       |       |       |       |       |     6 |    18 |    26 |       ||    50

Table legend: (Time is in decaauts)
 A = Elapsed time spent in this place.
 B = Non-inter-level travel time spent in this place.
 C = Inter-level travel time spent in this place.
 D = Time resting spent in this place.
 E = Time spent auto-exploring this place.
 F = Levels seen in this place.
 G = Mean time per level.
                   A        B        C        D        E       F      G
               +--------+--------+--------+--------+--------+-----+--------+
         Total |  56683 |  51249 |   5434 |   5417 |  38427 |  46 | 1232.2 |
       Dungeon |  21953 |  19550 |   2403 |   2720 |  14770 |  15 | 1463.5 |
        Temple |    260 |    218 |     42 |      0 |    213 |   1 |  260.0 |
          Lair |   7690 |   6502 |   1188 |    556 |   4919 |   6 | 1281.7 |
         Swamp |   2988 |   2809 |    179 |     70 |   2138 |   4 |  747.0 |
   Spider Nest |   4070 |   3860 |    210 |     60 |   3241 |   4 | 1017.5 |
    Slime Pits |   1171 |   1110 |     61 |    152 |    616 |   5 |  234.2 |
  Orcish Mines |   2073 |   1682 |    391 |    159 |   1053 |   2 | 1036.5 |
   Elven Halls |   5229 |   4734 |    495 |    374 |   3530 |   3 | 1743.0 |
        Vaults |  10004 |   9541 |    463 |    981 |   7394 |   4 | 2501.0 |
         Crypt |    604 |    604 |      0 |     94 |    339 |   1 |  604.0 |
      Ice Cave |    637 |    637 |      0 |    251 |    214 |   1 |  637.0 |
               +--------+--------+--------+--------+--------+-----+--------+

Top non-repeatable levels by time:
Vaults:1: 2757 daAuts
Vaults:2: 2614 daAuts
Vaults:3: 2473 daAuts
     D:3: 2466 daAuts
   Elf:2: 2276 daAuts
Vaults:4: 2159 daAuts
     D:7: 2106 daAuts
     D:2: 1993 daAuts
  Lair:2: 1885 daAuts
    D:12: 1842 daAuts
    D:10: 1767 daAuts
   Elf:1: 1645 daAuts
     D:5: 1606 daAuts
  Lair:5: 1522 daAuts
    D:11: 1433 daAuts
